 Dungeon Crawl Stone Soup version 0.17.0-26-gececa24 (webtiles) character file.

22691 4thArraOfDagon the Unseen (level 12, -2/54 HPs)
             Began as a Felid Monk on Nov 20, 2015.
             Was a High Priest of Dithmenos.
             Slain by a deep elf blademaster
             ... wielding a +0 rapier
              (14 damage)
             ... on level 3 of the Elven Halls.
             The game lasted 00:51:20 (8376 turns).

4thArraOfDagon the Unseen (Felid Monk)              Turns: 8376, Time: 00:51:21

Health: -2/54      AC:  5    Str:  7    XL:     12   Next: 65%
Magic:  10/20      EV: 31    Int: 13    God:    Dithmenos [*****.]
Gold:   261        SH:  0    Dex: 22    Spells: 3 memorised, 9 levels left
                                        Lives:  0   Deaths: 4

rFire  . . .     SeeInvis +       - Unarmed
rCold  + . .     Clarity  .     (armour unavailable)
rNeg   . . .     SustAt   .     (shield unavailable)
rPois  .         Gourm    .     (helmet unavailable)
rElec  .         Spirit   .     (cloak unavailable)
rCorr  .         Warding  .     (gloves unavailable)
rMut   .         Stasis   .     (boots unavailable)
MR     ++...                    (no amulet)
Stlth  ++++++++++               (no ring)
                                x - ring of protection from magic

@: exhausted, about to teleport, slowed, wreathed by umbra, slow, very resistant
to hostile enchantments, uncannily stealthy
A: no armour, no weapons or thrown items, claws 1, fangs 3, yellow scales 1, see
invisible, blink, carnivore 3, speed 1, shaggy fur 3, slow metabolism 1, subdued
magic 1, sharp paws
a: Blink, Shadow Step, Shadow Form, Renounce Religion


You were on level 3 of the Elven Halls.
You worshipped Dithmenos.
Dithmenos was extremely pleased with you.
You were full.

You visited 3 branches of the dungeon, and saw 22 of its levels.
You also visited: Ossuary and Volcano.

You collected 1983 gold pieces.
You spent 1722 gold pieces at shops.

Inventory:

Jewellery
 x - a ring of protection from magic (left paw)
Wands
 c - a wand of digging (13)
 k - a wand of polymorph (0)
 r - a wand of draining (0)
 s - a wand of slowing (15)
 t - a wand of polymorph (8)
 w - a wand of cold (1)
 y - a wand of teleportation (2)
 B - a wand of flame (20)
Scrolls
 j - 3 scrolls of fog
 p - 2 scrolls of remove curse
 q - 2 scrolls of immolation {unknown}
 v - 2 scrolls of enchant armour {unknown}
 z - a scroll of magic mapping {unknown}
 C - a scroll of recharging
 D - a scroll of brand weapon {unknown}
Potions
 b - a potion of cancellation
 e - 2 potions of curing
 h - a potion of berserk rage
 n - a potion of cure mutation
 o - a potion of flight
Books
 d - a book of Transfigurations

   Spells                             Type                      Level
   a - Stoneskin                      Transmutation/Earth          2
   b - Irradiate                      Conjuration/Transmutation    5
   c - Statue Form                    Transmutation/Earth          6
   d - Hydra Form                     Transmutation                6
   e - Dragon Form                    Transmutation                7
 g - a book of Necromancy

   Spells                             Type                      Level
   a - Pain                           Necromancy                   1
   b - Animate Skeleton               Necromancy                   1
   c - Vampiric Draining              Necromancy                   3
   d - Regeneration                   Charms/Necromancy            3
   e - Animate Dead                   Necromancy                   4
   f - Control Undead                 Necromancy                   4
 F - an Akashic Record

   Spells                             Type                      Level
   a - Dispersal                      Translocation                6
   b - Malign Gateway                 Summoning/Translocation      7
   c - Disjunction                    Translocation                8
   d - Controlled Blink               Translocation                8
Miscellaneous
 A - a box of beasts {used: 2}
 E - a sack of spiders {used: 1}
Comestibles
 a - 3 meat rations


   Skills:
 - Level 7.3 Fighting
 - Level 11.6 Dodging
 - Level 16.4 Stealth
 - Level 13.0 Unarmed Combat
 + Level 4.9 Spellcasting
 - Level 3.8 Charms
 - Level 3.0 Necromancy
 * Level 8.6 Transmutations
 * Level 7.3 Earth Magic
 - Level 7.0 Invocations
 - Level 6.0 Evocations


You had 9 spell levels left.
You knew the following spells:

 Your Spells              Type           Power        Failure   Level  Hunger
a - Statue Form           Trmt/Erth      ###......    86%         6    #######
b - Stoneskin             Trmt/Erth      ###.....     1%          2    ##.....
c - Regeneration          Chrm/Necr      #.........   7%          3    ###....


Dungeon Overview and Level Annotations

Branches:
Dungeon (15/15)            Temple (0/1) D:5             Orc (4/4) D:11
    Elf (3/3) Orc:3        Depths (0/5) D:15
   Lair: D:8-11      Vaults: D:13-14

Altars:
Dithmenos
Gozag
Kikubaaqudgha
Ru
Sif Muna
Xom
Beogh

Shops:
D:6 [**![   D:13 }   Orc:4 %:[!

Annotations:
D:5 4thArraOfDagon's ghost, amateur FeFi
D:6 Ijustatesigmund's ghost, novice MiBe
D:13 VUALTs, exclusion: downstairs, Azrael
Elf:2 exclusion: Roxanne, Roxanne


Innate Abilities, Weirdness & Mutations

You cannot wear armour.
You are incapable of wielding weapons or throwing items.
You have sharp claws.
You have razor-sharp teeth.
You have supernaturally acute eyesight.
You are carnivorous and can eat meat at any time.
You cover ground quickly.
Your thick and shaggy fur keeps you warm (AC +3, rC+).
You have a slow metabolism.
Your sharp claws are effective at attacking unaware monsters.
You are partially covered in yellow scales (AC +2).
You can translocate small distances at will.
Your spells are a little easier to cast, but a little less powerful.


Message History

Unknown command.
Unknown command.
Read which item? (? for menu, Esc to quit)
Okay, then.
You blink.
You feel slightly less full.
A deep elf knight comes into view. It is wielding a short sword.
The deep elf knight barely misses you.
A deep elf blademaster comes into view. It is wielding two short swords.
Read which item? (? for menu, Esc to quit)
Okay, then.
Evoke which item? (* to show all) (? for menu, Esc to quit)
Zapping:
y - a wand of teleportation (3)
Press: ? - help, Shift-Dir - straight line, f - you You feel strangely unstable.
This wand has 2 charges left.
The deep elf blademaster shouts!
The deep elf blademaster misses you.
The deep elf blademaster completely misses you.
The deep elf knight misses you.
The deep elf blademaster hits you with a rapier!
You die...

## ####§##
##@e..§########
#...e...§§§§.§...#
..e........§§§§....# #
.....⌠.....§§§§....# ##
...................# ##.
.##.....##.........###.#
#######..........##.##
.........[..#.##
............#.#


You could see 2 deep elf blademasters and a deep elf knight.

Vanquished Creatures
  2 deep elf blademasters (Elf:3)
  A deep elf master archer (Elf:3)
  Donald (Orc:4)
  Maud (D:13)
  7 deep elf sorcerers
  Nessos (Orc:4)
  6 deep elf demonologists (Elf:3)
  A deep elf annihilator (Elf:3)
  3 deep elf death magi (Elf:3)
  Josephine (D:11)
  A yaktaur captain (D:15)
  A hydra (D:14)
  2 ogre magi (Orc:4)
  A centaur warrior (D:15)
  A tengu warrior (D:15)
  An orc high priest (Elf:2)
  4 deep elf knights (Elf:3)
  2 deep elf summoners (Elf:3)
  4 hill giants
  2 deep trolls (Orc:4)
  An unseen horror (D:11)
  A deep elf conjurer (Elf:2)
  3 orc sorcerers
  A griffon (D:14)
  A manticore (D:11)
  3 cyclopes
  A wolf spider (D:15)
  A sphinx skeleton (Volcano)
  Maurice (D:13)
  A moth of wrath (shapeshifter) (Elf:3)
  A yaktaur (D:15)
  6 two-headed ogres (Orc:4)
  9 trolls
  6 deep elf magi
  2 vampires (Volcano)
  A flying skull (Volcano)
  A shadow (D:11)
  4 deep elf fighters
  Eustachio (D:5)
  A hippogriff (D:7)
  21 yaks
  A steam dragon (D:10)
  A hungry ghost (D:10)
  A vampire mosquito (D:13)
  Menkaure (Volcano)
  A mottled dragon (D:11)
  A warg (D:11)
  A soldier ant (D:13)
  A water moccasin (D:4)
  A merfolk skeleton (Volcano)
  A black bear (D:11)
  23 ogres
  An eye of draining (D:13)
  An orc warrior (D:9)
  4 centaurs
  A manticore skeleton (Volcano)
  2 phantoms
  Blork the orc (D:9)
  2 big kobolds
  An elf zombie (Ossuary)
  3 giant frogs
  A wyvern zombie (D:14)
  A scorpion (D:11)
  11 wights
  A killer bee (D:10)
  A spriggan skeleton (Volcano)
  A troll skeleton (Volcano)
  3 hounds
  5 centaur skeletons
  5 orc priests
  2 quasits
  10 orc wizards
  4 iguanas
  A two-headed ogre skeleton (Volcano)
  6 worker ants
  2 big kobold zombies (Ossuary)
  2 sheep (D:12)
  A naga skeleton (Volcano)
  A worker ant zombie (D:11)
  A mummy (Ossuary)
  A gnoll (D:6)
  8 adders
  3 shadow imps
  An adder zombie (D:8)
  A worm (D:5)
  A giant gecko (D:11)
  97 orcs
  4 bats
  2 giant cockroaches
  6 gnoll zombies (Ossuary)
  2 hobgoblins
  17 jackals
  5 kobolds (D:5)
  2 ball pythons
  A giant gecko skeleton (D:7)
  3 giant newts
  A goblin (D:1)
  A hobgoblin zombie (Ossuary)
  A jackal zombie (D:7)
  An orc zombie (Ossuary)
  2 quokkas
  3 rats
381 creatures vanquished.

Vanquished Creatures (collateral kills)
  A hill giant skeleton (Volcano)
  A merfolk skeleton (Volcano)
  A naga skeleton (Volcano)
  3 mummies (Volcano)
6 creatures vanquished.

Vanquished Creatures (others)
  2 deep elf high priests (Elf:3)
  An orc (Elf:2)
  A plant (D:6)
4 creatures vanquished.

Grand Total: 391 creatures vanquished

Notes
Turn   | Place    | Note
--------------------------------------------------------------
     0 | D:1      | 4thArraOfDagon the Felid Monk began the quest for the Orb.
     0 | D:1      | Reached XP level 1. HP: 10/10 MP: 2/2
    19 | D:2      | Found a shadowy altar of Dithmenos.
    29 | D:2      | Found a shimmering altar of Xom.
    77 | D:2      | Became a worshipper of Dithmenos the Shadowed
    77 | D:2      | Reached * piety under Dithmenos
    77 | D:2      | Reached ** piety under Dithmenos
   139 | D:3      | You fall through a shaft!
   161 | D:4      | Reached XP level 2. HP: 8/14 MP: 3/3
   292 | D:3      | Reached XP level 3. HP: 12/17 MP: 4/4
   317 | D:3      | Found a faded altar to an unknown god.
   467 | D:5      | Entered Level 5 of the Dungeon
   479 | D:5      | Noticed an ogre
   483 | D:5      | Killed an ogre
   483 | D:5      | Reached skill level 1 in Invocations
   483 | D:5      | Reached XP level 4. HP: 21/21 MP: 5/5
   488 | D:5      | Noticed a big kobold
   488 | D:5      | Noticed 4thArraOfDagon's ghost (amateur FeFi)
   530 | D:4      | Noticed an iguana
   533 | D:4      | Killed an iguana
   533 | D:4      | Reached skill level 5 in Unarmed Combat
   533 | D:4      | Reached XP level 5. HP: 24/24 MP: 6/6
   571 | D:4      | Noticed a water moccasin
   578 | D:4      | Killed a water moccasin
   578 | D:4      | Reached skill level 5 in Dodging
   660 | D:5      | Gained mutation: You are covered in thick fur (AC +2). [Felid growth]
   660 | D:5      | Reached XP level 6. HP: 24/28 MP: 8/8
   668 | D:5      | Reached skill level 5 in Stealth
   751 | D:5      | Noticed a slave
   758 | D:5      | Noticed Eustachio
   786 | D:5      | Killed Eustachio
   795 | D:5      | Found a staircase to the Ecumenical Temple.
   805 | D:5      | Noticed a slave
   947 | D:6      | Reached skill level 6 in Stealth
   947 | D:6      | Reached XP level 7. HP: 12/32 MP: 9/9
  1032 | D:5      | Killed a big kobold
  1096 | D:6      | Found Setosk's Antique Armour Boutique.
  1097 | D:6      | Found an opulent altar of Gozag.
  1101 | D:6      | Found Gozag's Platinum Reserve.
  1123 | D:6      | Found Bapyge's Distillery.
  1207 | D:6      | Bought a potion of mutation for 27 gold pieces
  1207 | D:6      | Bought a potion of lignification for 33 gold pieces
  1207 | D:6      | Bought a potion of berserk rage for 55 gold pieces
  1210 | D:6      | Gained mutation: You can translocate small distances at will. [potion of mutation]
  1210 | D:6      | Gained mutation: You are partially covered in yellow scales (AC +2). [potion of mutation]
  1210 | D:6      | Gained mutation: Your spells are a little easier to cast, but a little less powerful. [potion of mutation]
  1246 | D:6      | Found an ancient bone altar of Kikubaaqudgha.
  1275 | D:6      | Noticed Ijustatesigmund's ghost (novice MiBe)
  1303 | D:7      | Found a sand-covered staircase.
  1314 | Ossuary  | Entered an ossuary
  1336 | Ossuary  | Slain by a mummy
  1337 | Ossuary  | Reached XP level 6. HP: -2/28 MP: 8/8
  1469 | Ossuary  | Reached *** piety under Dithmenos
  1618 | D:6      | Bought a potion of might for 44 gold pieces
  1618 | D:6      | Bought a potion of heal wounds for 55 gold pieces
  1618 | D:6      | Bought a potion of heal wounds for 55 gold pieces
  1618 | D:6      | Bought a potion of curing for 33 gold pieces
  1618 | D:6      | Bought a potion of brilliance for 44 gold pieces
  1618 | D:6      | Bought a potion of flight for 33 gold pieces
  1678 | D:6      | Found Worypny's Assorted Antiques.
  1686 | D:6      | Reached skill level 7 in Stealth
  1686 | D:6      | Reached XP level 7. HP: 20/33 MP: 8/10
  1712 | D:6      | Found Fiwooj Onank's Antique Armour Emporium.
  2191 | D:7      | Reached XP level 8. HP: 21/36 MP: 11/11
  2200 | D:7      | Reached skill level 8 in Stealth
  2291 | D:7      | Reached skill level 5 in Fighting
  2455 | D:8      | Found a sacrificial altar of Ru.
  2483 | D:8      | Reached **** piety under Dithmenos
  2673 | D:9      | Reached skill level 9 in Stealth
  2687 | D:9      | Noticed Blork the orc
  2691 | D:9      | Found a deep blue altar of Sif Muna.
  2692 | D:9      | Killed Blork the orc
  2696 | D:10     | Entered Level 10 of the Dungeon
  2717 | D:10     | Noticed a hill giant
  2739 | D:11     | Noticed Josephine
  2745 | D:11     | Killed Josephine
  2745 | D:11     | Reached skill level 10 in Stealth
  2745 | D:11     | Reached XP level 9. HP: 31/40 MP: 8/13
  2753 | D:11     | Noticed a salamander stormcaller
  3046 | D:10     | Noticed a troll
  3053 | D:10     | Killed a troll
  3053 | D:10     | Reached skill level 11 in Stealth
  3053 | D:10     | Reached skill level 5 in Invocations
  3107 | D:10     | Noticed a centaur skeleton
  3110 | D:10     | Noticed a hill giant
  3135 | D:10     | Killed a centaur skeleton
  3322 | D:11     | Reached XP level 10. HP: 44/44 MP: 14/14
  3340 | D:11     | Reached skill level 12 in Stealth
  3418 | D:11     | Noticed a hill giant
  3423 | D:11     | Killed a hill giant
  3423 | D:11     | Reached skill level 10 in Unarmed Combat
  3447 | D:11     | Noticed an unseen horror
  3475 | D:11     | HP: 1/44 [unseen horror (7)]
  3486 | D:11     | Killed an unseen horror
  3502 | D:11     | Noticed a manticore
  3509 | D:11     | Killed a manticore
  3509 | D:11     | Reached skill level 13 in Stealth
  3551 | D:11     | Noticed a wolf spider zombie
  3563 | D:12     | Noticed a cyclops
  3565 | D:12     | Killed a cyclops
  3806 | D:14     | Noticed an eight-headed hydra
  3813 | D:14     | Killed an eight-headed hydra
  3813 | D:14     | Reached XP level 11. HP: 45/47 MP: 16/16
  3836 | D:15     | Entered Level 15 of the Dungeon
  3860 | D:15     | Found a staircase to the Depths.
  3860 | D:15     | Noticed a yaktaur captain
  3862 | D:15     | Killed a yaktaur captain
  3865 | D:15     | Noticed a centaur warrior
  3867 | D:15     | Killed a centaur warrior
  3867 | D:15     | Reached skill level 10 in Dodging
  3867 | D:15     | Reached skill level 14 in Stealth
  3894 | D:15     | Noticed a hill giant
  3907 | D:15     | Noticed a tengu warrior
  3914 | D:15     | Killed a tengu warrior
  3934 | D:15     | Noticed a hill giant
  3941 | D:15     | Killed a hill giant
  3973 | D:14     | Noticed a purple ugly thing
  3973 | D:14     | Noticed a purple ugly thing
  3973 | D:14     | Noticed a purple ugly thing
  3973 | D:14     | Noticed a purple ugly thing
  4159 | D:13     | Found Devoesh's Gadget Boutique.
  4225 | D:14     | Noticed a griffon
  4228 | D:14     | Killed a griffon
  4256 | D:13     | Noticed a hill giant
  4263 | D:13     | Killed a hill giant
  4263 | D:13     | Reached skill level 1 in Evocations
  4309 | D:12     | Noticed an unseen horror
  4411 | D:13     | Noticed Azrael
  4411 | D:13     | Noticed a skeletal warrior
  4411 | D:13     | Noticed a skeletal warrior
  4471 | D:13     | Reached ***** piety under Dithmenos
  4531 | D:13     | Noticed Maurice
  4532 | D:13     | Noticed Maud
  4535 | D:13     | Killed Maurice
  4540 | D:13     | Killed Maud
  4673 | D:13     | Noticed a cyclops
  4698 | D:13     | Gained mutation: Your thick and shaggy fur keeps you warm (AC +3, rC+). [Felid growth]
  4698 | D:13     | Reached XP level 12. HP: 40/52 MP: 18/18
  4916 | D:12     | Reached skill level 15 in Stealth
  5115 | D:11     | Found a staircase to the Orcish Mines.
  5123 | Orc:1    | Entered Level 1 of the Orcish Mines
  5267 | Orc:3    | Found a staircase to the Elven Halls.
  5341 | Orc:4    | Entered Level 4 of the Orcish Mines
  5368 | Orc:4    | Noticed Nessos
  5375 | Orc:4    | Killed Nessos
  5519 | Orc:4    | Found a dark tunnel.
  5527 | Volcano  | Entered a volcano
  5600 | Volcano  | Reached skill level 5 in Evocations
  5795 | Volcano  | Noticed Menkaure
  5800 | Volcano  | Killed Menkaure
  6056 | Orc:4    | Noticed Donald
  6089 | Orc:4    | Killed Donald
  6377 | Orc:4    | Found Igylas's Food Shop.
  6380 | Orc:4    | Found Ucisonwu's Antique Armour Shop.
  6381 | Orc:4    | Noticed an ogre mage
  6386 | Orc:4    | Found Rulaff's Distillery.
  6397 | Orc:4    | Found Josim's Book Boutique.
  6417 | Orc:4    | Killed an ogre mage
  6427 | Orc:4    | Reached skill level 16 in Stealth
  6476 | Orc:4    | Mangled by a hill giant
  6477 | Orc:4    | Reached XP level 11. HP: -8/50 MP: 17/17
  6503 | Orc:4    | Noticed an ogre mage
  6518 | Orc:4    | Killed an ogre mage
  6521 | Orc:4    | Reached XP level 12. HP: 54/54 MP: 18/18
  6733 | Orc:4    | Bought a book of Transfigurations for 605 gold pieces
  6740 | Orc:4    | Learned a level 6 spell: Statue Form
  6743 | Orc:4    | Learned a level 2 spell: Stoneskin
  6752 | Orc:4    | Bought a book of Necromancy for 330 gold pieces
  6756 | Orc:4    | Learned a level 3 spell: Regeneration
  6762 | Orc:4    | Bought a potion of heal wounds for 85 gold pieces
  6762 | Orc:4    | Bought a potion of might for 68 gold pieces
  6762 | Orc:4    | Bought a potion of curing for 51 gold pieces
  6891 | Orc:3    | Found a roughly hewn altar of Beogh.
  6916 | Orc:2    | Found a roughly hewn altar of Beogh.
  7063 | Orc:1    | Reached ****** piety under Dithmenos
  7173 | Orc:4    | Bought a potion of heal wounds for 85 gold pieces
  7173 | Orc:4    | Bought a potion of degeneration for 17 gold pieces
  7173 | Orc:4    | Bought a potion of curing for 51 gold pieces
  7173 | Orc:4    | Bought a potion of curing for 51 gold pieces
  7251 | Elf:1    | Entered Level 1 of the Elven Halls
  7268 | Elf:1    | Reached skill level 1 in Transmutations
  7271 | Elf:1    | Reached skill level 1 in Charms
  7274 | Elf:1    | Reached skill level 1 in Necromancy
  7398 | Elf:1    | Noticed a deep elf sorcerer
  7405 | Elf:1    | Killed a deep elf sorcerer
  7405 | Elf:1    | Reached skill level 1 in Earth Magic
  7418 | Elf:2    | Noticed a deep elf sorcerer
  7419 | Elf:2    | Killed a deep elf sorcerer
  7419 | Elf:2    | Reached skill level 1 in Spellcasting
  7476 | Elf:3    | Entered Level 3 of the Elven Halls
  7613 | Elf:2    | Noticed Roxanne
  7906 | Elf:3    | Noticed a deep elf death mage
  7906 | Elf:3    | Noticed a deep elf death mage
  7915 | Elf:3    | Noticed a deep elf death mage
  7922 | Elf:3    | Killed a deep elf death mage
  7927 | Elf:3    | Killed a deep elf death mage
  7932 | Elf:3    | Noticed a deep elf blademaster
  7937 | Elf:3    | Killed a deep elf blademaster
  7937 | Elf:3    | Reached skill level 5 in Transmutations
  7937 | Elf:3    | Reached XP level 13. HP: 19/57 MP: 9/19
  7945 | Elf:3    | Killed a deep elf death mage
  7955 | Elf:3    | Noticed a deep elf demonologist
  7955 | Elf:3    | Noticed a deep elf demonologist
  7969 | Elf:3    | Killed a deep elf demonologist
  7971 | Elf:3    | Noticed a deep elf sorcerer
  7982 | Elf:3    | Killed a deep elf sorcerer
  8001 | Elf:3    | Killed a deep elf demonologist
  8001 | Elf:3    | Reached skill level 5 in Earth Magic
  8023 | Elf:3    | Noticed a deep elf demonologist
  8025 | Elf:3    | Noticed a deep elf high priest
  8041 | Elf:3    | Killed a deep elf demonologist
  8042 | Elf:3    | Noticed a deep elf blademaster
  8054 | Elf:3    | Killed a deep elf blademaster
  8070 | Elf:3    | Noticed a deep elf annihilator
  8070 | Elf:3    | Noticed a deep elf demonologist
  8094 | Elf:3    | Killed a deep elf annihilator
  8102 | Elf:3    | Noticed a deep elf master archer
  8106 | Elf:3    | Shot with an arrow by a deep elf master archer
  8107 | Elf:3    | Reached XP level 12. HP: -10/81 MP: 3/18
  8134 | Elf:3    | Noticed a deep elf high priest
  8150 | Elf:3    | HP: 1/54 [deep elf high priest/a malign offering (23)]
  8152 | Elf:3    | Killed from afar by a deep elf high priest
  8152 | Elf:3    | Killed a deep elf high priest
  8153 | Elf:3    | Reached XP level 11. HP: -27/50 MP: 12/17
  8222 | Elf:3    | Killed a deep elf demonologist
  8231 | Elf:3    | Noticed a deep elf demonologist
  8241 | Elf:3    | Noticed a lorocyproca
  8241 | Elf:3    | Killed a deep elf demonologist
  8274 | Elf:3    | Noticed a deep elf sorcerer
  8293 | Elf:3    | Killed a deep elf sorcerer
  8293 | Elf:3    | Reached XP level 12. HP: 54/54 MP: 14/19
  8296 | Elf:3    | Noticed a deep elf sorcerer
  8310 | Elf:3    | Killed a deep elf sorcerer
  8326 | Elf:3    | Killed a deep elf high priest
  8334 | Elf:3    | Noticed a deep elf sorcerer
  8343 | Elf:3    | Killed a deep elf sorcerer
  8351 | Elf:3    | Killed a deep elf master archer
  8352 | Elf:3    | Noticed a deep elf demonologist
  8352 | Elf:3    | Noticed a deep elf sorcerer
  8354 | Elf:3    | Noticed a deep elf annihilator
  8359 | Elf:3    | Killed a deep elf sorcerer
  8364 | Elf:3    | Killed a deep elf demonologist
  8373 | Elf:3    | Noticed a deep elf blademaster
  8376 | Elf:3    | Noticed a deep elf blademaster
  8376 | Elf:3    | Slain by a deep elf blademaster

Action                   |  1- 3 |  4- 6 |  7- 9 | 10-12 | 13-15 || total
-------------------------+-------+-------+-------+-------+-------++-------
Melee: Unarmed           |    46 |   159 |   228 |   743 |   106 ||  1282
 Cast: Regeneration      |       |       |       |    11 |     3 ||    14
       Stoneskin         |       |       |       |     3 |       ||     3
Invok: Shadow Step       |       |       |     2 |     1 |       ||     3
       Shadow Form       |       |       |       |     2 |     1 ||     3
 Abil: Blink             |       |       |       |     1 |       ||     1
Evoke: Wand              |       |       |     1 |    26 |       ||    27
       Box of beasts     |       |       |       |     2 |       ||     2
       Sack of spiders   |       |       |       |     1 |       ||     1
  Use: Scroll            |     1 |       |    12 |     6 |       ||    19
       Potion            |       |       |     1 |    19 |     8 ||    28
 Stab: Sleeping          |     5 |     6 |    34 |    89 |       ||   134
       Distracted        |       |       |     3 |     7 |     1 ||    11
       Invisible         |       |       |       |     4 |     6 ||    10
       Confused          |       |       |       |     3 |       ||     3
  Eat: Chunk             |     5 |     8 |     4 |    21 |       ||    38
